 Dungeon Sprint DCSS version 0.28.0-53-g5a82cb258f (webtiles) character file.

Game seed: 13694964339449916964

7700000 Zeld the Conqueror (level 27, -19/273 HPs)
             Began as a Minotaur Monk on May 26, 2022.
             Was the Champion of Makhleb.
             Demolished by a meat berserker
             ... wielding a +9 battleaxe
              (37 damage)
             ... in the Dungeon (Sprint VIII: "Arena of Blood").
             The game lasted 00:01:03 (77 turns).

Zeld the Conqueror (Minotaur Monk)                    Turns: 77, Time: 00:01:05

Health: -19/273    AC:  4    Str: 29    XL:     27
Magic:  26/44      EV: 26    Int:  7    God:    Makhleb [******]
Gold:   0          SH:  0    Dex: 14    Spells: 63/63 levels left

rFire   . . .      SeeInvis .   h - +∞ Axe of Woe
rCold   . . .      Faith    .   (shield currently unavailable)
rNeg    . . .      Spirit   .   a - +0 robe
rPois   .          Reflect  .   (helmet restricted)
rElec   .          Harm     .   (no cloak)
rCorr   .          Rampage  .   (no gloves)
Will    ++...      NoTele   +   (no boots)
Stlth   +++++++++.              (no amulet)
HPRegen 0.55/turn               (no ring)
MPRegen 0.29/turn               (no ring)

@: slowed, very slow
A: horns 2, retaliatory headbutt
a: Renounce Religion, Minor Destruction, Lesser Servant of Makhleb, Major
Destruction, Greater Servant of Makhleb


You were in the Dungeon.
You worshipped Makhleb.
Makhleb was exalted by your worship.
You visited 1 branch

Inventory:

Hand Weapons
 h - the +∞ Axe of Woe (weapon)
   (You found it in the Dungeon)
Armour
 a - a +0 robe (worn)
Scrolls
 g - a scroll of blinking
Potions
 b - a potion of curing
 c - a potion of heal wounds
 d - a potion of haste
 e - 2 potions of magic
 f - a potion of berserk rage


   Skills:
 O Level 27 Fighting
 O Level 27 Short Blades
 O Level 27 Long Blades
 O Level 27 Axes
 O Level 27 Maces & Flails
 O Level 27 Polearms
 O Level 27 Staves
 O Level 27 Slings
 O Level 27 Bows
 O Level 27 Crossbows
 + Level 25.6(27) Throwing
 O Level 27 Armour
 O Level 27 Dodging
 O Level 27 Stealth
 O Level 27 Shields
 O Level 27 Unarmed Combat
 + Level 18.9 Spellcasting
 + Level 20.4 Conjurations
 + Level 18.9 Hexes
 + Level 20.4 Summonings
 + Level 20.6 Necromancy
 + Level 20.4 Translocations
 + Level 22.0 Transmutations
 + Level 20.4 Fire Magic
 + Level 20.4 Ice Magic
 + Level 20.3 Air Magic
 + Level 22.2 Earth Magic
 + Level 20.6 Poison Magic
 + Level 25.9 Invocations
 + Level 23.9 Evocations


You had 63 spell levels left.
You didn't know any spells.
Your spell library was empty.

Dungeon Overview and Level Annotations

Branches:
Dungeon (1/1)

Altars:
Makhleb


Innate Abilities, Weirdness & Mutations

You have a pair of horns on your head.
You reflexively headbutt those who attack you in melee.


Message History

Unknown command.
You are too injured to fight recklessly!
Unknown command.
You are too injured to fight recklessly!
Unknown command.
The bag of meat shouts!
The destroyer shouts!
You chop the accursed into pieces!!!
You butcher the accursed messily.
You destroy the accursed!
Makhleb accepts your kill.
You feel better.
You feel extremely nervous for a moment...
Your body is wracked with pain!
* * * LOW HITPOINT WARNING * * *
You hear a shout! x10
A bag of meat comes into view. It is wielding a +9 war axe.
You hear two shouts!
You hear a shout!
Your Transmutations skill increases to level 22!
Your Air Magic skill increases to level 20!
Your Earth Magic skill increases to level 22!
Unknown command.
You hear a shout! x12
A tyrant comes into view.
The meat berserker completely misses you.
You hear a shout!
A meat berserker comes into view. It is wielding a +9 battleaxe.
The meat berserker hits you with a +9 battleaxe!!!
* * * LOW HITPOINT WARNING * * *
A bag of meat comes into view. It is wielding a +9 war axe.
You hear a shout! x3
The dread calls on the powers of darkness!
The bag of meat convulses!
The meat berserker convulses! x2
Your body is wracked with pain!
* * * LOW HITPOINT WARNING * * *
The meat berserker convulses!
You hear a shout!
The destroyer points at you and mumbles some strange words.
The destroyer blinks!
A meat berserker comes into view. It is wielding a +9 battleaxe.
The meat berserker hits you with a +9 battleaxe!!!
You die...

..... ......O..
...... #.......#
..#... #...O...#
......###.... ..###.
.........))###......
...#...))))._.......
.#.....))#§))).#....
.......)O#_)<)_# .
.#.....)@#)))..#..
...#...O.O))_.......
.........))###......
.....O###.... ..###.
...o.. #.V.oo..#
.O.... #.......#
..W... ......§.. .#.
.......oO..
......oo..


You could see a destroyer, a large bag of meat (inner flame), a dread, 5 meat
berserkers and 4 bags of meat.

Vanquished Creatures
  Sigmund (D)
  5 hell beasts (D)
  3 royal mummies (D)
  A wraith (D)
  8 vampire knights (D)
  21 ogres (D)
  4 two-headed ogres (D)
  A lich (D)
  34 orcs (D)
  2 skeletal warriors (D)
80 creatures vanquished.

Notes
Turn   | Place    | Note
-------+----------+-------------------------------------------
     0 | D        | Found the +∞ Axe of Woe
     0 | D        | Zeld the Minotaur Monk began the quest for the Orb.
     0 | D        | Reached XP level 1. HP: 19/19 MP: 0/0
     2 | D        | Noticed a bag of meat
     4 | D        | Became a worshipper of Makhleb the Destroyer
     4 | D        | Reached * piety under Makhleb
     4 | D        | Reached ** piety under Makhleb
     5 | D        | Noticed a meat berserker
     5 | D        | Noticed a bag of meat
     6 | D        | Noticed a bag of meat
     6 | D        | Noticed a bag of meat
    10 | D        | Killed a bag of meat
    10 | D        | Killed a bag of meat
    11 | D        | Reached skill level 5 in Stealth
    11 | D        | Reached XP level 2. HP: 56/56 MP: 1/1
    11 | D        | Reached XP level 3. HP: 63/63 MP: 2/2
    11 | D        | Reached XP level 4. HP: 71/71 MP: 3/3
    11 | D        | Reached XP level 5. HP: 79/79 MP: 4/4
    11 | D        | Reached XP level 6. HP: 86/86 MP: 5/5
    11 | D        | Reached XP level 7. HP: 94/94 MP: 6/6
    11 | D        | Reached XP level 8. HP: 102/102 MP: 7/7
    11 | D        | Reached XP level 9. HP: 108/108 MP: 8/8
    11 | D        | Reached XP level 10. HP: 117/117 MP: 9/9
    11 | D        | Reached XP level 11. HP: 124/124 MP: 10/10
    11 | D        | Killed a bag of meat
    12 | D        | Reached XP level 12. HP: 137/137 MP: 11/11
    12 | D        | Noticed a meat berserker
    13 | D        | Killed a meat berserker
    13 | D        | Reached *** piety under Makhleb
    14 | D        | Reached XP level 13. HP: 139/150 MP: 12/12
    14 | D        | Noticed a large bag of meat
    14 | D        | Noticed a meat berserker
    14 | D        | Noticed a bag of meat
    14 | D        | Noticed a bag of meat
    15 | D        | Killed a bag of meat
    15 | D        | Killed a meat berserker
    16 | D        | Reached XP level 14. HP: 140/166 MP: 13/13
    16 | D        | Noticed a meat berserker
    16 | D        | Noticed a bag of meat
    16 | D        | Noticed a bag of meat
    16 | D        | Noticed a meat berserker
    17 | D        | Noticed a bag of meat
    18 | D        | Killed a meat berserker
    18 | D        | Reached **** piety under Makhleb
    18 | D        | Noticed a bag of meat
    18 | D        | Noticed a bag of meat
    19 | D        | Reached skill level 27 in Fighting
    19 | D        | Reached skill level 15 in Axes
    19 | D        | Killed a large bag of meat
    19 | D        | Killed a bag of meat
    20 | D        | Reached skill level 27 in Dodging
    20 | D        | Reached skill level 27 in Unarmed Combat
    20 | D        | Reached XP level 15. HP: 127/174 MP: 14/14
    20 | D        | Noticed a meat berserker
    21 | D        | Noticed a meat berserker
    22 | D        | Killed a meat berserker
    22 | D        | Killed a meat berserker
    22 | D        | Reached ***** piety under Makhleb
    23 | D        | Reached skill level 27 in Axes
    23 | D        | Reached XP level 16. HP: 183/183 MP: 15/15
    25 | D        | Killed a meat berserker
    26 | D        | Noticed a large bag of meat
    26 | D        | Noticed a destroyer
    27 | D        | Killed a meat berserker
    27 | D        | Killed a destroyer
    28 | D        | Reached skill level 27 in Stealth
    28 | D        | Reached XP level 17. HP: 191/191 MP: 16/16
    29 | D        | Noticed a meat berserker
    31 | D        | Reached skill level 5 in Short Blades
    31 | D        | Reached skill level 5 in Long Blades
    31 | D        | Reached skill level 5 in Maces & Flails
    31 | D        | Reached skill level 5 in Polearms
    31 | D        | Reached skill level 5 in Staves
    31 | D        | Reached skill level 5 in Slings
    31 | D        | Reached skill level 5 in Bows
    31 | D        | Reached skill level 5 in Crossbows
    31 | D        | Reached skill level 5 in Armour
    31 | D        | Reached skill level 5 in Shields
    32 | D        | Noticed a destroyer
    32 | D        | Killed a large bag of meat
    32 | D        | Reached ****** piety under Makhleb
    33 | D        | Reached skill level 5 in Throwing
    33 | D        | Reached skill level 5 in Invocations
    33 | D        | Reached XP level 18. HP: 120/200 MP: 16/22
    33 | D        | Noticed a destroyer
    34 | D        | Killed a meat berserker
    35 | D        | Reached skill level 5 in Conjurations
    35 | D        | Reached skill level 5 in Summonings
    35 | D        | Reached skill level 5 in Necromancy
    35 | D        | Reached skill level 5 in Translocations
    35 | D        | Reached skill level 5 in Transmutations
    35 | D        | Reached skill level 5 in Fire Magic
    35 | D        | Reached skill level 5 in Ice Magic
    35 | D        | Reached skill level 5 in Air Magic
    35 | D        | Reached skill level 5 in Earth Magic
    35 | D        | Reached skill level 5 in Poison Magic
    35 | D        | Killed a destroyer
    35 | D        | Noticed a destroyer
    36 | D        | Reached skill level 5 in Spellcasting
    36 | D        | Reached skill level 5 in Hexes
    38 | D        | Killed a destroyer
    39 | D        | Reached skill level 10 in Long Blades
    39 | D        | Reached skill level 10 in Maces & Flails
    39 | D        | Reached skill level 10 in Polearms
    39 | D        | Reached skill level 10 in Staves
    39 | D        | Reached skill level 10 in Armour
    39 | D        | Reached skill level 10 in Shields
    39 | D        | Reached XP level 19. HP: 207/207 MP: 17/27
    39 | D        | Noticed a destroyer
    40 | D        | Killed a destroyer
    40 | D        | Killed a destroyer
    41 | D        | Reached skill level 10 in Throwing
    41 | D        | Reached skill level 10 in Invocations
    41 | D        | Noticed a destroyer
    41 | D        | Noticed a meat berserker
    41 | D        | Noticed a meat berserker
    42 | D        | Noticed a meat berserker
    43 | D        | Noticed an accursed
    44 | D        | Reached skill level 10 in Evocations
    44 | D        | Noticed a meat berserker
    45 | D        | Noticed a large bag of meat
    45 | D        | Noticed a large bag of meat
    45 | D        | Noticed a meat berserker
    46 | D        | Killed a meat berserker
    47 | D        | Reached XP level 20. HP: 216/216 MP: 18/31
    47 | D        | Noticed a tyrant
    47 | D        | Noticed a meat berserker
    48 | D        | Killed a meat berserker
    48 | D        | Killed a meat berserker
    48 | D        | Killed a meat berserker
    49 | D        | Reached skill level 15 in Long Blades
    49 | D        | Reached skill level 15 in Maces & Flails
    49 | D        | Reached skill level 15 in Polearms
    49 | D        | Reached skill level 15 in Staves
    49 | D        | Reached skill level 15 in Armour
    49 | D        | Reached skill level 15 in Shields
    49 | D        | Reached skill level 10 in Necromancy
    49 | D        | Reached skill level 10 in Transmutations
    49 | D        | Reached skill level 10 in Fire Magic
    49 | D        | Reached skill level 10 in Earth Magic
    50 | D        | Reached skill level 10 in Conjurations
    50 | D        | Reached skill level 10 in Summonings
    50 | D        | Reached skill level 10 in Translocations
    50 | D        | Reached skill level 10 in Ice Magic
    50 | D        | Reached skill level 10 in Air Magic
    50 | D        | Reached skill level 10 in Poison Magic
    50 | D        | Reached XP level 21. HP: 216/224 MP: 19/33
    50 | D        | Noticed an accursed
    53 | D        | Reached skill level 15 in Short Blades
    53 | D        | Reached skill level 15 in Slings
    53 | D        | Reached skill level 15 in Bows
    53 | D        | Reached skill level 15 in Crossbows
    53 | D        | Reached skill level 10 in Spellcasting
    53 | D        | Reached skill level 10 in Hexes
    53 | D        | Noticed a destroyer
    54 | D        | Killed an accursed
    55 | D        | Killed a large bag of meat
    55 | D        | Killed a large bag of meat
    56 | D        | Reached skill level 15 in Throwing
    56 | D        | Reached skill level 15 in Invocations
    56 | D        | Reached XP level 22. HP: 157/233 MP: 20/36
    58 | D        | Noticed The Captor
    58 | D        | Killed a tyrant
    59 | D        | Reached skill level 15 in Evocations
    61 | D        | Noticed a meat beast
    61 | D        | Killed a destroyer
    62 | D        | Reached XP level 23. HP: 221/240 MP: 21/38
    62 | D        | Killed an accursed
    63 | D        | Reached skill level 15 in Transmutations
    63 | D        | Reached skill level 15 in Earth Magic
    63 | D        | Killed a meat beast
    63 | D        | Killed a destroyer
    63 | D        | Noticed a destroyer
    64 | D        | Reached XP level 24. HP: 234/249 MP: 21/39
    64 | D        | Noticed a meat beast
    64 | D        | Killed a meat beast
    65 | D        | Reached skill level 15 in Conjurations
    65 | D        | Reached skill level 15 in Summonings
    65 | D        | Reached skill level 15 in Necromancy
    65 | D        | Reached skill level 15 in Translocations
    65 | D        | Reached skill level 15 in Fire Magic
    65 | D        | Reached skill level 15 in Ice Magic
    65 | D        | Reached skill level 15 in Air Magic
    65 | D        | Reached skill level 15 in Poison Magic
    65 | D        | Noticed a meat beast
    66 | D        | Reached XP level 25. HP: 195/257 MP: 22/40
    66 | D        | Noticed a meat beast
    67 | D        | Reached skill level 15 in Spellcasting
    67 | D        | Reached skill level 15 in Hexes
    67 | D        | Killed a meat beast
    67 | D        | Killed The Captor
    68 | D        | Reached XP level 26. HP: 253/266 MP: 23/42
    68 | D        | Noticed a dread
    69 | D        | Noticed an accursed
    70 | D        | Killed a meat beast
    71 | D        | Reached skill level 27 in Long Blades
    71 | D        | Reached skill level 27 in Maces & Flails
    71 | D        | Reached skill level 27 in Polearms
    71 | D        | Reached skill level 27 in Staves
    71 | D        | Reached skill level 27 in Armour
    71 | D        | Reached skill level 27 in Shields
    71 | D        | Reached XP level 27. HP: 247/273 MP: 24/43
    71 | D        | Noticed a meat beast
    71 | D        | Killed a destroyer
    74 | D        | Killed a dread
    74 | D        | Killed a meat beast
    75 | D        | Reached skill level 27 in Short Blades
    75 | D        | Reached skill level 27 in Slings
    75 | D        | Reached skill level 27 in Bows
    75 | D        | Reached skill level 27 in Crossbows
    75 | D        | Noticed a destroyer
    75 | D        | Noticed a dread
    76 | D        | Noticed a destroyer
    76 | D        | Killed an accursed
    77 | D        | Noticed a tyrant
    77 | D        | Demolished by a meat berserker

Illustrated notes

Levels and vault maps discovered:
D:        meatsprint

Skill      XL: |  1  2  3  4  5  6  7  8  9 10 11 12 13 14 15 16 17 18 19 20 21 22 23 24 25 26 27 |
---------------+----------------------------------------------------------------------------------+-----
Fighting       | 20 21 24 26 27 | 27.0
Axes           | 8 9 11 14 20 27 | 27.0
Dodging        | 18 20 22 24 27 | 27.0
Stealth        | 5 6 7 9 14 27 | 27.0
Unarmed Combat | 17 18 20 22 27 | 27.0
Short Blades   | 6 9 12 14 17 18 20 22 24 25 27 | 27.0
Long Blades    | 6 10 13 15 18 20 22 23 26 27 | 27.0
Maces & Flails | 6 10 13 15 18 20 22 23 26 27 | 27.0
Polearms       | 6 10 13 15 18 20 22 23 26 27 | 27.0
Staves         | 6 10 13 15 18 20 22 23 26 27 | 27.0
Slings         | 6 9 12 14 17 18 20 22 24 25 27 | 27.0
Bows           | 6 9 12 14 16 18 20 21 24 25 27 | 27.0
Crossbows      | 6 9 12 14 17 18 20 22 24 25 27 | 27.0
Throwing       | 5 8 11 13 15 17 19 20 22 23 25 | 25.6
Armour         | 6 10 13 15 18 20 22 23 26 27 | 27.0
Shields        | 6 10 13 15 18 20 22 23 26 27 | 27.0
Spellcasting   | 3 6 8 9 11 12 13 14 16 17 18 | 18.9
Conjurations   | 4 6 8 10 12 13 14 16 17 18 20 | 20.4
Hexes          | 3 6 7 9 11 12 13 14 16 17 18 | 18.9
Summonings     | 4 6 8 10 12 13 14 16 17 18 20 | 20.4
Necromancy     | 4 6 8 10 12 13 14 16 17 18 20 | 20.6
Translocations | 4 6 8 10 12 13 14 16 17 18 20 | 20.4
Transmutations | 4 7 9 11 13 14 16 17 19 20 22 | 22.0
Fire Magic     | 4 6 8 10 12 13 14 16 17 18 20 | 20.4
Ice Magic      | 4 6 8 10 12 13 14 16 17 18 20 | 20.4
Air Magic      | 4 6 8 10 12 13 14 16 17 18 20 | 20.3
Earth Magic    | 4 7 9 11 13 14 16 17 19 20 22 | 22.2
Poison Magic   | 4 6 8 10 12 13 14 16 17 18 20 | 20.6
Invocations    | 5 8 11 13 15 17 19 20 22 23 25 | 25.9
Evocations     | 4 8 10 12 14 16 17 18 20 21 23 | 23.9

Action                   |  1- 3 |  4- 6 |  7- 9 | 10-12 | 13-15 | 16-18 | 19-21 | 22-24 | 25-27 || total
-------------------------+-------+-------+-------+-------+-------+-------+-------+-------+-------++-------
Melee: Executioner's axe |     1 |       |       |     2 |     4 |     9 |    12 |    10 |     9 ||    47
Armor: Robe              |       |       |       |       |       |       |       |     1 |     2 ||     3
Dodge: Dodged            |       |       |       |       |     1 |     2 |     1 |       |     3 ||     7
